 Dungeon Crawl Stone Soup version 0.28.0-45-g0d030f2227 (webtiles) character file.

Game seed: 12096464284576095586

522 protoss039 the Cudgeller (level 7, -5/44 HPs)
             Began as a Gargoyle Gladiator on Apr 12, 2022.
             Slain by an ogre
             ... wielding a +0 giant spiked club
              (26 damage)
             ... on level 4 of the Dungeon.
             The game lasted 00:05:10 (4181 turns).

protoss039 the Cudgeller (Gargoyle Gladiator)       Turns: 4181, Time: 00:05:11

Health: -5/44      AC: 19    Str: 20    XL:     7   Next: 22%
Magic:  7/7        EV:  6    Int:  8    God:
Gold:   312        SH:  0    Dex: 11    Spells: 6/6 levels left

rFire   + . .      SeeInvis .   a - +0 flail
rCold   + . .      Faith    .   (no shield)
rNeg    + . .      Spirit   .   s - +0 plate armour
rPois   ∞          Reflect  .   c - +0 helmet
rElec   +          Harm     .   r - scarf {rC+ rF+}
rCorr   .          Rampage  .   m - +0 pair of gloves
Will    .....                   (no boots)
Stlth   ..........              (no amulet)
HPRegen 0.14/turn               (no ring)
MPRegen 0.10/turn               (no ring)

@: no status effects
A: sickness immunity, AC +4, negative energy resistance 1, electricity
resistance, torment resistance 1, petrification resistance
a: no special abilities


You were on level 4 of the Dungeon.
You visited 2 branches of the dungeon, and saw 5 of its levels.

You collected 312 gold pieces.

Inventory:

Hand Weapons
 a - a +0 flail (weapon)
Missiles
 d - 3 throwing nets (quivered)
 i - 3 silver boomerangs
Armour
 c - a +0 helmet (worn)
 m - a +0 pair of gloves (worn)
 r - a scarf of resistance (worn)
 s - a +0 plate armour (worn)
Scrolls
 g - 2 scrolls of identify {unknown}
 h - 3 scrolls of immolation {unknown}
 j - a scroll of blinking {unknown}
 n - a scroll of holy word {unknown}
 o - a scroll of fog {unknown}
 t - 2 scrolls of teleportation {unknown}
 u - a scroll of torment {unknown}
Potions
 b - a potion of curing {unknown}
 e - 2 potions of flight {unknown}
 f - 2 potions of might {unknown}
 k - a potion of haste {unknown}
 l - a potion of attraction {unknown}
 p - a potion of brilliance {unknown}
 q - a potion of lignification {unknown}


   Skills:
 + Level 4.9 Fighting
 + Level 5.0 Maces & Flails
 - Level 2.0 Throwing
 + Level 4.2 Armour
 - Level 3.0 Dodging


You had 6 spell levels left.
You didn't know any spells.
Your spell library contained the following spells:

 Spells                   Type           Power      Damage    Failure   Level
 Beastly Appendage        Tmut           0%         N/A       100%        1
 Sandblast                Erth           0%         2d4       100%        1
 Passwall                 Tmut/Erth      0%         N/A       100%        2
 Wereblood                Tmut           0%         N/A       100%        2
 Spider Form              Tmut/Pois      0%         N/A       100%        3
 Stone Arrow              Conj/Erth      0%         3d7       100%        3
 Summon Ice Beast         Ice/Summ       0%         N/A       100%        4
 Summon Mana Viper        Hex/Summ       0%         N/A       100%        5
 Monstrous Menagerie      Summ           0%         N/A       100%        7


Dungeon Overview and Level Annotations

Branches:
Dungeon (4/15)             Temple (1/1) D:4

Altars:
Cheibriados
Elyvilon
Fedhas
Gozag
Hepliaklqana
Kikubaaqudgha
Makhleb
Nemelex Xobeh
Ru
Sif Muna
Trog
Vehumet
Wu Jian
Xom
Yredelemnul
Zin
The Shining One


Innate Abilities, Weirdness & Mutations

You are immune to sickness and miasma.
Your stone body is resilient. (AC +4)
You are immune to poison.
You resist negative energy. (rN+)
You are resistant to electric shocks. (rElec)
You are resistant to unholy torment.
You are immune to petrification.


Message History

Found a glowing golden altar of the Shining One.
Found a basalt altar of Yredelemnul.
There is a shimmering blue altar of Sif Muna here.
Found a sparkling altar of Nemelex Xobeh.
Found a radiant altar of Vehumet.
Found a sacrificial altar of Ru.
Found a burning altar of Makhleb and an opulent altar of Gozag.
There is a sacrificial altar of Ru here.
Done exploring.
Done exploring.
Done exploring.
Done exploring.
There is a sacrificial altar of Ru here.
There is a fountain of clear blue water here.
There is a fountain of clear blue water here.
There is a shimmering blue altar of Sif Muna here.
There is an open gate here.
There is a staircase back to the Dungeon here.
You climb upwards.
Welcome back to the Dungeon!
There is a staircase to the Ecumenical Temple here.
Unknown command.
Found a robe.
u - a scroll labelled XEDWOO SIUTTAO You see here a +0 robe.
An ogre comes into view. It is wielding a +0 giant spiked club.
An ogre is nearby!
An ogre is nearby!
An ogre is nearby!
The ogre hits you with a +0 giant spiked club!!
Ouch! That really hurt!
You are too injured to fight recklessly!
You are too injured to fight recklessly!
You are too injured to fight recklessly!
Unknown command.
You are too injured to fight recklessly!
Unknown command.
You closely miss the ogre.
The ogre hits you with a +0 giant spiked club!!
Ouch! That really hurt!
You die...

.........#
........##..........#
..÷.....#...........#
........#...........#
.<......#...........
.......#...........#
(......#...........#
##...............O.#
###.............@.#
#.............###
#..........[.##
##............#
#P............#
#PP..P........##
##..>P..........#
#.PP............##
#......########..##


You could see an ogre.

Vanquished Creatures
  A sky beast (D:3)
  A phantom (D:4)
  A scorpion (D:4)
  A bullfrog skeleton (D:4)
  Crazy Yiuf (D:3)
  An orc wizard (D:3)
  4 gnolls
  8 adders
  An ufetubus (D:4)
  3 dart slugs
  5 orcs (D:3)
  6 bats
  10 endoplasms
  4 giant cockroaches (D:4)
  5 goblins
  4 hobgoblins
  14 jackals
  5 quokkas
  4 ball pythons
  A frilled lizard (D:1)
  6 kobolds
  6 rats
92 creatures vanquished.

Notes
Turn   | Place    | Note
-------+----------+-------------------------------------------
     0 | D:1      | protoss039 the Gargoyle Gladiator began the quest for the
                  | Orb.
     0 | D:1      | Reached XP level 1. HP: 12/12 MP: 1/1
    80 | D:1      | Reached XP level 2. HP: 12/17 MP: 2/2
   909 | D:1      | Reached XP level 3. HP: 22/22 MP: 3/3
   944 | D:1      | Found a faded altar of an unknown god.
  1004 | D:2      | Reached skill level 1 in Armour
  1493 | D:2      | Reached XP level 4. HP: 25/27 MP: 4/4
  1937 | D:2      | Reached XP level 5. HP: 31/32 MP: 5/5
  2222 | D:3      | Found a glowing silver altar of Zin.
  2250 | D:3      | Reached skill level 4 in Maces & Flails
  2631 | D:3      | Found a runed translucent door.
  2632 | D:3      | Noticed Crazy Yiuf
  3264 | D:3      | Killed Crazy Yiuf
  3265 | D:3      | Reached XP level 6. HP: 35/38 MP: 6/6
  3315 | D:4      | Found an ornate altar of the Wu Jian Council.
  3315 | D:4      | Found a bloodstained altar of Trog.
  3315 | D:4      | Found a white marble altar of Elyvilon.
  3315 | D:4      | Found a blossoming altar of Fedhas.
  3333 | D:4      | Found a snail-covered altar of Cheibriados.
  3614 | D:4      | Noticed a sky beast
  3643 | D:3      | Killed a sky beast
  3667 | D:4      | Reached XP level 7. HP: 39/44 MP: 7/7
  3719 | D:4      | Reached skill level 5 in Maces & Flails
  3811 | D:4      | Found a hazy altar of Hepliaklqana.
  4001 | D:4      | Found a staircase to the Ecumenical Temple.
  4024 | Temple   | Entered the Ecumenical Temple
  4181 | D:4      | Slain by an ogre

Illustrated notes

Levels and vault maps discovered:
D:1:      dpeg_arrival_long_road, layout_basic,
          shapermc_ecumenical_altar_notcrosses
D:2:      layout_loops_ring
D:3:      layout_basic, zin_academy, uniq_crazy_yiuf_cottage
D:4:      layout_cave_pods, cheibriados_altar_1, kennysheep_mini,
          chequers_temple_overflow_statue_of_worship,
          minmay_temple_entry_overgrown
Temple:   cyrus_temple_forest

Skill      XL: |  1  2  3  4  5  6  7 |
---------------+----------------------+-----
Throwing       | 2 |  2.0
Armour         | 1 2 3 4 |  4.2
Dodging        | 3 |  3.0
Fighting       | 3 4 |  4.9
Maces & Flails | 4 5 |  5.0

Action                   |  1- 3 |  4- 6 |  7- 9 || total
-------------------------+-------+-------+-------++-------
Melee: Flail             |   142 |   207 |    39 ||   388
       Punch             |     1 |     3 |       ||     4
Armor: Leather armour    |    49 |       |       ||    49
       Scale mail        |    24 |   167 |     7 ||   198
       Plate armour      |       |       |    20 ||    20
Dodge: Dodged            |   115 |   150 |    23 ||   288
